 Dungeon Crawl Stone Soup version 0.31-a0-232-gb1c03b2570 (webtiles) character file.

Game seed: 1487700096619853437

463 qw the Shooter (level 6, 0/56 HPs)
             Began as a Minotaur Hexslinger on July 7, 2023.
             Slain by an elf zombie (6 damage)
             ... in an ossuary.
             The game lasted 00:01:20 (3053 turns).

qw the Shooter (Minotaur Hexslinger)                Turns: 3053, Time: 00:01:20

Health: 0/56       AC:  8    Str: 13      XL:     6   Next: 79%
Magic:  6/6        EV: 11    Int:  8 (10) God:
Gold:   184        SH:  0    Dex: 13 (14) Spells: 6/7 levels left

rFire   . . .        Y - +1 sling
rCold   . . .        (no shield)
rNeg    . . .        l - +0 ring mail
rPois   .            (helmet restricted)
rElec   .            (no cloak)
rCorr   .            (no gloves)
SInv    .            k - +2 pair of boots
Will    .....        (no amulet)
Stlth   +            (no ring)
HPRegen 0.29/turn    (no ring)
MPRegen 0.10/turn

%: no passive effects
@: no status effects
A: horns 2, retaliatory headbutt
a: no special abilities


You were in an ossuary.
You visited 1 branch of the dungeon, and saw 4 of its levels.
You also visited: Ossuary.

You collected 184 gold pieces.


Innate Abilities, Weirdness & Mutations

You have a pair of horns on your head.
You reflexively headbutt those who attack you in melee.


   Skills:
 - Level 5.3 Fighting
 + Level 6.4 Ranged Weapons
 - Level 1.0 Armour
 - Level 2.1 Dodging
 - Level 1.0 Spellcasting
 - Level 2.0 Hexes


You had 6 spell levels left.
You knew the following spells:

 Your Spells              Type           Power      Damage    Failure   Level
a - Slow                  Hex            12%        N/A       36%         1

Your spell library contained the following spells:

 Spells                   Type           Power      Damage    Failure   Level
 Inner Flame              Hex/Fire       2%         N/A       86%         3
 Portal Projectile        Hex/Tloc       4%         N/A       86%         3
 Cause Fear               Hex            1%         N/A       98%         4

Inventory:

Hand Weapons
 Y - a +1 sling (weapon)
Armour
 k - a +2 pair of boots (worn)
 l - a +0 ring mail (worn)
Jewellery
 j - a ring of ice
Scrolls
 i - a scroll of identify
Potions
 d - a potion of resistance {unknown}
 e - a potion of might
 f - a potion of lignification {unknown}

Dungeon Overview and Level Annotations

Branches:
Dungeon (4/15)            Ossuary (1/1)
 Temple: D:4-7

Altars:
Dithmenos

Annotations:
D:3 2 transporters, qw's ghost, amateur MiHs


Message History

The sling bullet hits the human zombie but does no damage.
The human zombie is severely damaged.
The hound zombie barely misses you. You furiously retaliate!
You headbutt the hound zombie. The human zombie hits you.
The elf zombie completely misses you.
The hound zombie bites you but does no damage.
The elf zombie closely misses you.
You shoot a sling bullet. The sling bullet hits the human zombie!
The human zombie is almost destroyed.
The hound zombie bites you but does no damage.
The human zombie hits you. The elf zombie closely misses you.
You furiously retaliate!
You headbutt the elf zombie. You shoot a sling bullet.
The sling bullet hits the human zombie!
You destroy the human zombie!
The hound zombie bites you but does no damage.
The elf zombie hits you. The hound zombie misses you. You furiously retaliate!
You headbutt the hound zombie. The elf zombie misses you.
You shoot a sling bullet.
The sling bullet barely misses the elf zombie.
The hound zombie bites you but does no damage.
The elf zombie hits you. The elf zombie barely misses you.
The hound zombie bites you but does no damage.
You shoot a sling bullet. The sling bullet hits the elf zombie.
The elf zombie is moderately damaged.
The elf zombie hits you but does no damage.
The hound zombie barely misses you. The elf zombie barely misses you.
You shoot a sling bullet. The sling bullet hits the elf zombie.
The elf zombie is heavily damaged.
The hound zombie bites you but does no damage.
The elf zombie hits you but does no damage.
The hound zombie barely misses you.
The elf zombie hits you but does no damage.
You shoot a sling bullet.
The sling bullet completely misses the elf zombie.
The elf zombie hits you. The hound zombie bites you.
The elf zombie hits you but does no damage.
You shoot a sling bullet. The sling bullet hits the elf zombie.
The elf zombie is heavily damaged.
The hound zombie bites you. The elf zombie hits you.
You die...

...............
...............
...............
...............
...............
...............
......ZZ.......
.......@.......
.......Z.......
...............
...............
...............
...............
...............
...............


You could see a hound zombie and 2 elf zombies.

Vanquished Creatures
  Sigmund (D:4)
  A human zombie (Ossuary)
  Natasha (thrice) (D:2)
  2 orc wizards (D:3)
  A hound zombie (Ossuary)
  4 gnolls (D:3)
  3 adders
  A dart slug (D:2)
  5 orcs (D:3)
  5 ball pythons
  5 endoplasms
  3 giant cockroaches
  A gnoll zombie (Ossuary)
  5 goblins
  7 hobgoblins
  3 quokkas (D:1)
  7 bats
  2 frilled lizards (D:1)
  A goblin zombie (Ossuary)
  7 kobolds
  A kobold zombie (Ossuary)
  2 orc zombies (Ossuary)
  3 rats (D:1)
  2 rat zombies (Ossuary)
75 creatures vanquished.

Notes
Turn   | Place    | Note
-------+----------+-------------------------------------------
     0 | D:1      | qw the Minotaur Hexslinger began the quest for the Orb.
     0 | D:1      | Reached XP level 1. HP: 16/16 MP: 1/1
     0 | D:1      | 0 ||| qw: Version: 0.3-a-46-gb1f654a
     0 | D:1      | 0 ||| qw: Game counter: 2203
     0 | D:1      | 0 ||| qw: Melee chars always use a shield: true
     0 | D:1      | 0 ||| qw: God list: Okawaru
     0 | D:1      | 0 ||| qw: Allow faded altars: false
     0 | D:1      | 0 ||| qw: Do Orc after clearing Dungeon:15 true
     0 | D:1      | 0 ||| qw: Do second Lair branch before Depths: true
     0 | D:1      | 0 ||| qw: Lair rune preference: random
     0 | D:1      | 0 ||| qw: Goals: Normal
     0 | D:1      | 0 ||| PLANNING D:1-11
    92 | D:1      | Reached skill level 3 in Ranged Weapons
   104 | D:1      | Reached XP level 2. HP: 23/23 MP: 2/2
   349 | D:1      | 349 ||| FLEEEEING.
   350 | D:1      | 350 ||| FLEEEEING.
   351 | D:1      | 351 ||| FLEEEEING.
   352 | D:1      | 352 ||| FLEEEEING.
   353 | D:1      | 353 ||| FLEEEEING.
   354 | D:1      | 354 ||| FLEEEEING.
   355 | D:1      | 355 ||| FLEEEEING.
   356 | D:1      | 356 ||| FLEEEEING.
   357 | D:1      | 357 ||| FLEEEEING.
   358 | D:1      | 358 ||| FLEEEEING.
   360 | D:1      | 360 ||| FLEEEEING.
   361 | D:1      | 361 ||| FLEEEEING.
   362 | D:1      | 362 ||| FLEEEEING.
   363 | D:1      | 363 ||| FLEEEEING.
   369 | D:1      | 369 ||| FLEEEEING.
   371 | D:1      | 371 ||| FLEEEEING.
   829 | D:1      | 829 ||| UPGRADING to +0 leather armour.
   839 | D:1      | 839 ||| DROPPING +0 robe.
   840 | D:1      | 840 ||| UPGRADING to +1 pair of boots.
   845 | D:1      | 845 ||| UPGRADING to +0 ring mail.
   855 | D:1      | 855 ||| DROPPING +0 leather armour.
   856 | D:1      | 856 ||| READING scroll labelled DUSASK IZOFA.
   900 | D:1      | 900 ||| READING scroll labelled FAVUNUCIBB.
   901 | D:1      | 901 ||| READING scroll labelled ARHIATAPLU.
   902 | D:1      | 902 ||| READING 3 scrolls labelled VOCZAU TYCATE.
   903 | D:1      | 903 ||| READING scroll labelled QAOSHI ISTRE.
   904 | D:1      | 904 ||| DRINKING 2 golden potions.
   905 | D:1      | 905 ||| READING 2 scrolls of identify.
   905 | D:1      | 905 ||| IDENTIFYING red potion
   906 | D:1      | 906 ||| DROPPING scroll of poison.
  1096 | D:2      | Reached XP level 3. HP: 29/29 MP: 3/3
  1326 | D:2      | Noticed Natasha
  1329 | D:2      | Killed Natasha
  1330 | D:2      | Reached skill level 4 in Ranged Weapons
  1417 | D:2      | Reached skill level 1 in Armour
  1417 | D:2      | Reached XP level 4. HP: 36/36 MP: 4/4
  1584 | D:2      | Noticed Natasha
  1591 | D:2      | Killed Natasha
  1714 | D:2      | Noticed Natasha
  1721 | D:2      | HP: 7/36 [Natasha (3)]
  1722 | D:2      | 1722 ||| DRINKING potion of heal wounds.
  1725 | D:2      | Killed Natasha
  1726 | D:2      | Reached skill level 5 in Ranged Weapons
  1828 | D:2      | 1828 ||| DRINKING 2 grey potions.
  1829 | D:2      | 1829 ||| READING 2 scrolls of identify.
  1829 | D:2      | 1829 ||| IDENTIFYING bubbling white potion
  1830 | D:2      | 1830 ||| DROPPING potion of ambrosia.
  1886 | D:3      | Reached XP level 5. HP: 38/44 MP: 5/5
  1888 | D:3      | Reached skill level 3 in Fighting
  1962 | D:3      | Found a shadowy altar of Dithmenos.
  2011 | D:3      | 2011 ||| Stepping ~*~*~tactically~*~*~ (outnumbered).
  2019 | D:3      | 2019 ||| FLEEEEING.
  2020 | D:3      | 2020 ||| FLEEEEING.
  2033 | D:3      | HP: 9/45 [gnoll/+0 spear (3)]
  2038 | D:3      | HP: 5/45 [gnoll/+0 spear (4)]
  2242 | D:3      | Reached skill level 6 in Ranged Weapons
  2315 | D:3      | Found a transporter.
  2315 | D:3      | Noticed qw's ghost (amateur MiHs)
  2366 | D:3      | Found a faded altar of an unknown god.
  2593 | D:3      | Found a transporter.
  2717 | D:3      | 2717 ||| READING 2 scrolls labelled ONOFEMM CORUOH.
  2718 | D:3      | 2718 ||| READING scroll of enchant armour.
  2718 | D:3      | 2718 ||| ENCHANTING +1 pair of boots.
  2719 | D:3      | 2719 ||| DRINKING 2 yellow potions.
  2720 | D:3      | 2720 ||| DROPPING potion of degeneration.
  2764 | D:4      | Noticed Sigmund
  2765 | D:4      | 2765 ||| PLANNING OSSUARY
  2768 | D:4      | 2768 ||| STAIRDANCE
  2770 | D:4      | 2770 ||| STAIRDANCE
  2772 | D:3      | 2772 ||| DRINKING potion of curing.
  2772 | D:3      | 2772 ||| (to cure confusion)
  2817 | D:4      | 2817 ||| STAIRDANCE
  2840 | D:4      | 2840 ||| STAIRDANCE
  2865 | D:4      | 2865 ||| STAIRDANCE
  2876 | D:4      | Killed Sigmund
  2877 | D:4      | Reached XP level 6. HP: 56/56 MP: 6/6
  3000 | D:4      | Found a sand-covered staircase.
  3001 | D:4      | 3001 ||| READING 2 scrolls of identify.
  3001 | D:4      | 3001 ||| IDENTIFYING bubbling inky potion
  3002 | D:4      | 3002 ||| DROPPING potion of magic.
  3015 | Ossuary  | Entered an ossuary
  3035 | Ossuary  | HP: 14/56 [elf zombie (2)]
  3036 | Ossuary  | 3036 ||| DRINKING 2 potions of heal wounds.
  3038 | Ossuary  | 3038 ||| DRINKING potion of heal wounds.
  3052 | Ossuary  | HP: 11/56 [elf zombie (5)]
  3053 | Ossuary  | Slain by an elf zombie

Levels and vault maps discovered:
D:1:      dpeg_arrival_rooms_with_view, layout_basic, serial_bayou,
          serial_bayou_pond_d, serial_bayou_lagoon_a, serial_bayou_crossing,
          serial_bayou_pond_a, serial_bayou_pond_e, serial_bayou_pond_e,
          minmay_misc_feat_plants, nrook_mini_vaults, st_stairs_10,
          minmay_pentomino_o2
D:2:      layout_loops_ring, minmay_stone_trees_small,
          chequers_serial_rivers_room_a, uniq_natasha
D:3:      layout_loops_ring, grunt_dithmenos_smoke_and_mirrors,
          gammafunk_ghost_arena, dreamdust_ecumenical_altar_angels_and_demons,
          minmay_curled_crystal
D:4:      layout_basic, enter_ossuary_2, minmay_diced_spiral, uniq_sigmund,
          uniq_crazy_yiuf_cottage
Ossuary:  ossuary_minmay_tomb_2a

Skill      XL: |  1  2  3  4  5 |
---------------+----------------+-----
Ranged Weapons | 3 4 5 6 |  6.4
Fighting       | 2 5 |  5.3
Armour         | 1 |  1.0
Dodging        | |  2.1
Spellcasting   | |  1.0
Hexes          | |  2.0

Action                     |  1- 3 |  4- 6 || total
---------------------------+-------+-------++-------
   Fire: Sling             |   104 |   182 ||   286
    Use: Scroll            |     6 |     4 ||    10
         Potion            |     1 |     6 ||     7
 Armour: Robe              |     5 |       ||     5
         Ring mail         |    10 |   125 ||   135
  Dodge: Dodged            |    29 |   154 ||   183

Table legend:
 A = Non-vault XP
 B = Vault XP
 C = Vault XP percentage of total XP
 D = Non-vault monster count
 E = Vault monster count
 F = Vault count percentage of total count
                 A         B        C        D         E       F
            +---------+---------+-------+---------+---------+-------
      Total |     327 |     335 |  50.6 |      57 |      18 |  24.0
            +---------+---------+-------+---------+---------+-------
        D:1 |      30 |       8 |  21.1 |      18 |       7 |  28.0
        D:2 |     103 |      36 |  25.9 |      13 |       1 |   7.1
        D:3 |     189 |       0 |   0.0 |      23 |       0 |   0.0
        D:4 |       5 |     223 |  97.8 |       3 |       1 |  25.0
    Ossuary |       0 |      68 | 100.0 |       0 |       9 | 100.0
            +---------+---------+-------+---------+---------+-------
